 Dungeon Crawl Stone Soup version 0.30.1-9-gdf580d7c3d (webtiles) character file.

Game seed: 5057933046194567563

34 H0rd4k the Charlatan (level 3, -1/23 HPs)
             Began as an Octopode Artificer on Oct 19, 2023.
             Slain by an adder (3 damage)
             ... on level 2 of the Dungeon.
             The game lasted 00:01:29 (513 turns).

H0rd4k the Charlatan (Octopode Artificer)            Turns: 513, Time: 00:01:30

Health: -1/23      AC:  1    Str: 11    XL:     3   Next: 31%
Magic:  3/3        EV: 13    Int: 15    God:
Gold:   6          SH:  0    Dex: 12    Spells: 2/2 levels left

rFire   . . .        (no weapon)
rCold   . . .        (no shield)
rNeg    . . .        (helmet restricted)
rPois   .            (no amulet)
rElec   .            (no ring)
rCorr   .            (no ring)
SInv    .            (no ring)
Will    .....        (no ring)
Stlth   ++           (no ring)
HPRegen 0.23/turn    (no ring)
MPRegen 0.08/turn    (no ring)
                     (no ring)

%: no passive effects
@: confused, lethally poisoned (-1 -> -7)
A: almost no armour, amphibious, 8 rings, camouflage 1, gelatinous body 1,
(nimble swimmer 1), tentacles
a: no special abilities


You were on level 2 of the Dungeon.
You visited 1 branch of the dungeon, and saw 2 of its levels.

You collected 6 gold pieces.

Inventory:

Wands
 b - a wand of flame (15) (quivered)
 c - a wand of charming (13)
 d - a wand of iceblast (1)
Scrolls
 e - a scroll of torment {unknown}


   Skills:
 + Level 1.0 Fighting
 + Level 2.7 Dodging
 - Level 1.3 Stealth
 + Level 4.4 Evocations


You had 2 spell levels left.
You didn't know any spells.
Your spell library was empty.

Dungeon Overview and Level Annotations

Branches:
Dungeon (2/15)

Altars:

Annotations:
D:2 Sigmund


Innate Abilities, Weirdness & Mutations

You cannot wear most types of armour.
You are amphibious.
You can wear up to eight rings at the same time.
Your skin changes colour to match your surroundings (Stealth+).
Your rubbery body absorbs attacks. (AC +1, EV +1)
((You are camouflaged when in or above water. (Stealth+)))
You have tentacles for arms and can constrict up to eight enemies at once.


Message History

An adder comes into view.
Sigmund casts a spell at you.
You are confused.
You are too confused!
Okay, then.
Unknown command.
You are too confused!
Unknown command.
It was a potion of heal wounds.
You feel much better. The ball python bites you.
The ball python constricts you.
A hobgoblin comes into view.
Sigmund points at you and mumbles some strange words.
You resist with significant effort.
You tentacle-slap the ball python.
The ball python is moderately wounded.
The ball python bites you. The ball python constricts you.
The ball python bites you. The ball python constricts you.
Sigmund mumbles some strange words.
Sigmund flickers and vanishes!
Deactivating autopickup; reactivate with Ctrl-A.
You barely miss the ball python. You squeeze the ball python.
You kill the ball python!
The adder closely misses you. The adder bites you.
You bump into the rock wall.
A ball python comes into view.
The adder bites you.
You are poisoned.
The adder poisons you! The rat bites you. Something barely misses you.
You tentacle-slap the rat but do no damage.
Your tentacle-slap misses the rat.
You squeeze the rat.
You kill the rat!
You feel sick. The adder bites you.
* * * LOW HITPOINT WARNING * * *
You are lethally poisoned!
The adder poisons you!
A hobgoblin comes into view.
You bump into the rock wall.
* * * LOW HITPOINT WARNING * * *
You feel sick. The adder bites you.
You die...

# ### # .#
#... .####.#
..# #.S...
#†##{g#
#@Sg###.####
#...<......#
#...##.##.##.#
#......#
...###..# ####
#... ##.. ####


You could see an adder, 2 hobgoblins and a ball python.

Vanquished Creatures
  A dart slug (D:1)
  9 ball pythons
  A bat (D:1)
  2 endoplasms (D:1)
  2 giant cockroaches (D:1)
  2 goblins (D:1)
  3 hobgoblins (D:1)
  2 jackals (D:1)
  2 quokkas (D:1)
  A frilled lizard (D:1)
  A kobold (D:1)
  3 rats
29 creatures vanquished.

Vanquished Creatures (others)
  A goblin (D:1)
1 creature vanquished.

Grand Total: 30 creatures vanquished

Notes
Turn   | Place    | Note
-------+----------+-------------------------------------------
     0 | D:1      | H0rd4k the Octopode Artificer began the quest for the Orb.
     0 | D:1      | Reached XP level 1. HP: 13/13 MP: 1/1
   120 | D:1      | Reached XP level 2. HP: 4/18 MP: 2/2
   245 | D:1      | Reached skill level 4 in Evocations
   396 | D:1      | Found a faded altar of an unknown god.
   418 | D:1      | Reached XP level 3. HP: 14/23 MP: 3/3
   501 | D:2      | Noticed Sigmund
   507 | D:2      | HP: 1/23 [constriction (1)]
   513 | D:2      | Slain by an adder

Illustrated notes

Levels and vault maps discovered:
D:1:      dpeg_arrival_rooms_c, layout_rooms, nicolae_ecumenical_snake_handling
D:2:      layout_loops_cross, minmay_vboxes, uniq_jessica, uniq_terence,
          uniq_sigmund, uniq_natasha

Skill      XL: |  1  2 |
---------------+-------+-----
Evocations     | 4 |  4.4
Fighting       | |  1.0
Dodging        | |  2.7
Stealth        | |  1.3

Action                     || total
---------------------------++-------
  Melee: Unarmed           ||    77
         Constrict         ||    17
         Tentacles         ||    17
  Evoke: Wand              ||     6
    Use: Potion            ||     1
   Stab: Distracted        ||     1
         Sleeping          ||     1
 Armour: Skin              ||    11
  Dodge: Dodged            ||    50
